 Dungeon Crawl Stone Soup version 0.27-a0-1202-ge72e49191c (webtiles) character file.

Game seed: 15878380303924469822

4 Ancestrald the Cutter (level 1, -2/12 HPs)
             Began as a Kobold Gladiator on June 2, 2021.
             Slain by a quokka (4 damage)
             ... on level 1 of the Dungeon.
             The game lasted 00:01:33 (143 turns).

Ancestrald the Cutter (Kobold Gladiator)             Turns: 143, Time: 00:01:34

Health: -2/12      AC:  4    Str: 11    XL:     1   Next: 66%
Magic:  1/1        EV: 15    Int:  9    God:
Gold:   12         SH:  0    Dex: 16    Spells: 0/0 levels left

rFire    . . .     SeeInvis .   a - +0 rapier
rCold    . . .     Faith    .   (shield restricted)
rNeg     . . .     Spirit   .   b - +0 leather armour
rPois    .         Reflect  .   c - +0 helmet
rElec    .         Harm     .   (no cloak)
rCorr    .         Rampage  .   (no gloves)
Will     .....                  (no boots)
Stlth    ++........             (no amulet)
HPRegen  0.04/turn              (no ring)
MPRegen  0.07/turn              (no ring)

@: no status effects
A: small, no large weapons, nightstalker 3
a: no special abilities


You were on level 1 of the Dungeon.
You visited 1 branch of the dungeon, and saw 1 of its levels.

You collected 12 gold pieces.

Inventory:

Hand Weapons
 a - a +0 rapier (weapon)
 f - a +0 dagger
 i - a +0 whip
Missiles
 d - a throwing net (quivered)
 e - 49 stones
Armour
 b - a +0 leather armour (worn)
 c - a +0 helmet (worn)
 g - a +0 ring mail
 h - a +0 leather armour


   Skills:
 + Level 2.2 Fighting
 + Level 4.1 Short Blades
 + Level 2.2 Throwing
 + Level 3.9 Dodging


You couldn't memorise any spells.
You didn't know any spells.
Your spell library was empty.

Dungeon Overview and Level Annotations

Branches:
Dungeon (1/15)

Altars:


Innate Abilities, Weirdness & Mutations

You are small and have problems with some larger weapons.
You are completely attuned to the shadows.


Message History

You hit the hobgoblin but do no damage.
The hobgoblin is moderately wounded.
The hobgoblin hits you.
The hobgoblin struggles against the net.
You hit the hobgoblin.
The hobgoblin is severely wounded.
The hobgoblin hits you.
The kobold hits you with a +0 short sword.
The hobgoblin struggles against the net.
You puncture the hobgoblin!
You kill the hobgoblin!
The hobgoblin barely misses you. The kobold misses you.
A quokka comes into view.
Throw: 2 throwing nets
Press: ? - help, Q - select action, (/) - cycle Shift-Dir - straight line, f - kobold
Aim: a kobold, wielding a +0 short sword (55% to hit)
You throw a throwing net.
The throwing net closely misses the kobold.
The hobgoblin hits you. The kobold misses you.
You are too injured to fight recklessly!
Unknown command.
You are too injured to fight recklessly!
You are too injured to fight recklessly!
You are too injured to fight recklessly!
You are too injured to fight recklessly!
You closely miss the kobold. The hobgoblin barely misses you.
The kobold hits you but does no damage.
You closely miss the kobold. The hobgoblin barely misses you.
The kobold misses you.
You hit the kobold.
The kobold is severely wounded.
The hobgoblin hits you but does no damage.
The kobold hits you but does no damage. The quokka closely misses you.
You puncture the kobold!
You kill the kobold!
The quokka bites you.
* * * LOW HITPOINT WARNING * * *
The hobgoblin closely misses you.
You hit the quokka but do no damage. The quokka bites you.
You die...

...........#### P...
..............# ##P.PP
..............###.P...
..............#...PPPP
...#............####
#.###...#.#.....## .
#.....#.#.#####..# ..
......#.# ##.#.#
.8.8..# # #@..#
8.8.8.# #gr)#..
.8_8..# #......
8.8.8.# #......
.8.8..# ......(
......#. ........
#....#.. ........


You could see a quokka and a hobgoblin.

Vanquished Creatures
  A hobgoblin (D:1)
  A frilled lizard (D:1)
  2 kobolds (D:1)
  A rat (D:1)
5 creatures vanquished.

Notes
Turn   | Place    | Note
-------+----------+-------------------------------------------
     0 | D:1      | Ancestrald the Kobold Gladiator began the quest for the
                  | Orb.
     0 | D:1      | Reached XP level 1. HP: 12/12 MP: 1/1
    72 | D:1      | Found a faded altar of an unknown god.
   143 | D:1      | Slain by a quokka

Illustrated notes

Levels and vault maps discovered:
D:1:      ebering_trefoil_twist, layout_rooms,
          chequers_ecumenical_altar_simple_redux,
          chequers_serial_rivers_micro_d, minmay_hedge_maze

Action                   || total
-------------------------++-------
Melee: Rapier            ||    20
Throw: Throwing net      ||     2
Armor: Leather armour    ||     5
Dodge: Dodged            ||    23

Table legend: (Time is in decaauts)
 A = Elapsed time spent in this place.
 B = Non-inter-level travel time spent in this place.
 C = Inter-level travel time spent in this place.
 D = Time resting spent in this place.
 E = Time spent auto-exploring this place.
 F = Levels seen in this place.
 G = Mean time per level.
                   A        B        C        D        E       F      G
               +--------+--------+--------+--------+--------+-----+--------+
         Total |    142 |    142 |      0 |      0 |     12 |   1 |  142.0 |
       Dungeon |    142 |    142 |      0 |      0 |     12 |   1 |  142.0 |
               +--------+--------+--------+--------+--------+-----+--------+

Top non-repeatable levels by time:
     D:1: 142 daAuts
